 Seeded DCSS version 0.29-a0-344-ge2f44be95a (webtiles) character file.

Game seed: 1450950038153131384 (custom seed)

4076 zeratav the Arsonist (level 10, 0/61 (63) HPs)
             Began as an Octopode Fire Elementalist on Apr 21, 2022.
             Was an Initiate of Vehumet.
             Slain by a gnoll
             ... wielding a +0 club
              (8 damage)
             ... on level 7 of the Dungeon.
             The game lasted 00:21:34 (11146 turns).

zeratav the Arsonist (Octopode Fire Elementalist)  Turns: 11146, Time: 00:21:34

HP:   0/61 (63)     AC:  1    Str:  7    XL:     10   Next: 25%
MP:   10/15         EV: 13    Int: 18    God:    Vehumet [......]
Gold: 443           SH:  0    Dex: 18    Spells: 5/16 levels left

rFire   + + .      SeeInvis .   m - +10 hunting sling of Nunluomy {venom, *Slow rPois rC+++ Int-5, sling}
rCold   + + +      Faith    .   (no shield)
rNeg    + . .      Spirit   .   (helmet restricted)
rPois   +          Reflect  .   (no amulet)
rElec   .          Harm     .   k - +6 ring of dexterity
rCorr   .          Rampage  .   p - ring of protection from cold
Will    .....                   C - ring of positive energy
Stlth   +++.......              G - ring of protection from fire
HPRegen 0.20/turn               K - ring of fire
MPRegen 0.14/turn               (no ring)
                                (no ring)
                                (no ring)

@: about to teleport, lightly drained
A: almost no armour, amphibious, 8 rings, camouflage 1, gelatinous body 1,
(nimble swimmer 1), tentacles
a: Renounce Religion


You were on level 7 of the Dungeon.
You worshipped Vehumet.
Vehumet was noncommittal.
You visited 2 branches of the dungeon, and saw 9 of its levels.

You collected 443 gold pieces.


Innate Abilities, Weirdness & Mutations

You cannot wear most types of armour.
You are amphibious.
You can wear up to eight rings at the same time.
Your skin changes colour to match your surroundings (Stealth+).
Your rubbery body absorbs attacks. (AC +1, EV +1)
((You are camouflaged when in or above water. (Stealth+)))
You have tentacles for arms and can constrict up to eight enemies at once.


   Skills:
 + Level 3.3 Fighting
 - Level 2.0 Dodging
 - Level 2.6 Stealth
 + Level 3.7 Spellcasting
 - Level 10.0 Conjurations
 - Level 10.0 Fire Magic


You had 5 spell levels left.
You knew the following spells:

 Your Spells              Type           Power      Damage    Failure   Level
a - Foxfire               Conj/Fire      100%       2x1d9     1%          1
b - Scorch                Fire           100%       2d10      1%          2
c - Conjure Flame         Conj/Fire      56%        6-21      1%          3
d - Fireball              Conj/Fire      28%        3d12      7%          5

Your spell library contained the following spells:

 Spells                   Type           Power      Damage    Failure   Level
 Shock                    Conj/Air       84%        1d8       1%          1
 Flame Wave               Conj/Fire      56%        2d11      2%          4
 Dazzling Flash           Conj/Hex       42%        N/A       6%          3
 Inner Flame              Hex/Fire       32%        N/A       6%          3
 Pain                     Necr           12%        1d4       16%         1
 Summon Small Mammal      Summ           12%        N/A       16%         1
 Corpse Rot               Necr/Air       6%         N/A       22%         2
 Poisonous Vapours        Pois/Air       6%         N/A       22%         2
 Portal Projectile        Hex/Tloc       6%         N/A       41%         3
 Swiftness                Air            3%         N/A       41%         3
 Agony                    Necr           3%         N/A       99%         5
 Blade Hands              Tmut           1%         N/A       99%         5
 Excruciating Wounds      Necr           1%         N/A       99%         5
 Silence                  Hex/Air        1%         N/A       99%         5
 Starburst                Conj/Fire      28%        6d9       36%         6
 Ignition                 Fire           28%        3d9       100%        8
 Chain Lightning          Conj/Air       10%        3d14      100%        9

Inventory:

Hand Weapons
 m - the +10 hunting sling of Nunluomy (weapon) {venom, *Slow rPois rC+++ Int-5, sling}
   (You found it on level 4 of the Dungeon)

   Any ammunition fired from it poisons the flesh of those it strikes.
   Int:       It affects your intelligence (-5).
   rC:        It renders you almost immune to cold.
   rPois:     It protects you from poison.
   *Slow:     It may slow you when you take damage.
 v - a +2 falchion of freezing {long}
   (You took it off an orc on level 3 of the Dungeon)
Armour
 u - a +0 buckler
   (You found it on level 3 of the Dungeon)
Jewellery
 k - a +6 ring of dexterity (left tentacle)
   (You found it on level 1 of the Dungeon)
 p - a ring of protection from cold (right tentacle)
   (You found it on level 2 of the Dungeon)
 C - a ring of positive energy (on tentacle)
   (You found it on level 6 of the Dungeon)
 G - a ring of protection from fire (on tentacle)
   (You found it on level 6 of the Dungeon)
 K - a ring of fire (on tentacle)
   (You found it on level 7 of the Dungeon)
Wands
 D - a wand of iceblast (23)
   (You found it on level 6 of the Dungeon)
 F - a wand of digging (5)
   (You found it on level 6 of the Dungeon)
 J - a wand of paralysis (6)
   (You found it on level 7 of the Dungeon)
 M - a wand of polymorph (5)
   (You took it off Pikel on level 8 of the Dungeon)
 N - a wand of mindburst (17)
   (You found it on level 8 of the Dungeon)
Scrolls
 b - a scroll of amnesia
 c - 5 scrolls of teleportation {@r4}
 f - 5 scrolls of enchant armour
 g - 2 scrolls of noise {unknown}
 q - 2 scrolls of fog
 r - 2 scrolls of silence {unknown}
 w - 2 scrolls of fear {unknown}
 x - a scroll of holy word
 y - 2 scrolls of magic mapping {!r}
 z - a scroll of immolation {!r!r}
 B - a scroll of vulnerability {unknown}
 H - a scroll of enchant weapon {unknown}
 I - a scroll of torment {unknown}
Potions
 a - 2 potions of magic
 d - 2 potions of berserk rage {unknown}
 e - 4 potions of haste {unknown}
 h - 4 potions of degeneration {unknown}
 i - a potion of flight {unknown}
 j - a potion of invisibility {unknown}
 l - 2 potions of attraction {unknown}
 n - a potion of might {unknown}
 o - 2 potions of cancellation {unknown}
 s - 4 potions of heal wounds {unknown}
 t - 5 potions of curing {unknown}
 A - a potion of lignification {unknown}
 E - a potion of brilliance {unknown}

Dungeon Overview and Level Annotations

Branches:
Dungeon (8/15)             Temple (1/1) D:6
   Lair: D:8-11

Altars:
Ashenzari
Fedhas
Gozag
Hepliaklqana
Kikubaaqudgha
Makhleb
Okawaru
Qazlal
Sif Muna
Trog
Vehumet
Wu Jian
Xom
Zin
The Shining One

Shops:
D:4 * D:5

* #.###.###.# #.# #.# #.
#.# #.....# #.# #.# #.
.)###.##### #.# #.# ##
......##### #.# #.#
..#.†.....###.## #.#
.########.##..[#### #.#
.########.#.......# #.#
...............gz.######.#
#########.#.....@g.......#
#.##......#.########
#..................# ###
#####.......######.# #..
###...).# #.# #.# ####.##
#.# #.# #.# #.# #.# #.#
#.# #.# #.# #.####.#


You could see a gnoll shaman, a wight and a gnoll.


Message History

The gnoll hits your wight with a +0 flail.
What are your orders? t - Shout!
Orders for allies: a - Attack new target. p - Attack previous target. r - Retreat! s - Stop attacking. g - Guard the area. f - Follow me.
Anything else - Cancel.
Gang up on whom?
Press: ? - help, Dir - move target, f - gnoll, p - wight
Aim: a gnoll, wielding a +0 flail (ally target) Attack!
Your wight hits the gnoll with a +2 flail of freezing!
Your wight freezes the gnoll.
The gnoll dies!
Vehumet accepts your kill.
HP[+1]
What are your orders? t - Shout!
Orders for allies: a - Attack new target. r - Retreat! s - Stop attacking. g - Guard the area. f - Follow me.
Anything else - Cancel.
Guard this area!
MP[+1]
You see here the +2 chain mail of Watchfulness {Rampage}.
HP[+1]
You feel yourself speed up.
MP[+1] HP[+1] HP[+1] MP[+1]
You start resting.
HP[+1] MP[+1]
Your mp is fully restored (15).
You start resting.
HP[+50]
Your hp is fully restored (63).
There is a stone staircase leading down, spattered with blood here.
You see here a +0 flail {mace}.
You climb downwards.
The gnoll closely misses you.
The gnoll shaman invokes the aid of its god against you.
You easily resist.
The centaur shoots an arrow.
The arrow closely misses you. The gnoll hits you with a +0 club.
The centaur shoots an arrow.
The arrow closely misses you.
The centaur shoots an arrow.
The arrow hits you!
There is a stone staircase leading up, spattered with blood here.
HP[-22]
You take 22 damage, and now have 41/63 hp.
MASSIVE DAMAGE!! (PAUSE)
Casting: Fireball (dangerous; 7% risk of failure)
Confirm with . or Enter, or press ? or * to list all spells.
You feel a surge of power!
Flames lash the wight.
The wight's fire resistance burns away.
The centaur shoots an arrow.
The arrow hits you!
* * * LOW HITPOINT WARNING * * *
The centaur shoots an arrow.
The arrow barely misses you. The gnoll misses you. The wight misses you.
A wight comes into view. It is wielding a +3 halberd.
A white imp comes into view.
HP[-12] MP[-2]
You take 12 damage, and now have 29/63 hp.
You lost 2 mp, and now have 13/15 mp.
The gnoll hits you with a +0 club!
* * * LOW HITPOINT WARNING * * *
The gnoll shaman barely misses you. The wight hits you with a +2 falchion!
* * * LOW HITPOINT WARNING * * *
You partially resist.
You feel drained.
You climb upwards.
There is a stone staircase leading down, spattered with blood here.
You see here a +0 flail {mace}.
HP[-15]
You now have 61 max hp (-2).
You take 15 damage, and now have 14/61 hp.
MASSIVE DAMAGE!! (PAUSE)
Aiming: Mindburst
Press: ? - help, Q - select action, (/) - cycle Shift-Dir - straight line, f - gnoll shaman
Aim: a gnoll shaman, wielding a +0 club and wearing a +0 leather armour (chance to affect: 64%)
The gnoll shaman's mind is blasted!
The gnoll shaman closely misses you. The wight barely misses you.
The gnoll closely misses you.
Casting: Scorch (safe; 1% risk of failure)
Confirm with . or Enter, or press ? or * to list all spells.
You feel a surge of power!
The fire begins to smoulder!
The gnoll shaman hits you with a +0 club.
* * * LOW HITPOINT WARNING * * *
The wight barely misses you. The gnoll barely misses you.
HP[-1] MP[-3]
You take 1 damage, and now have 13/61 hp.
You lost 3 mp, and now have 10/15 mp.
Casting: Conjure Flame (safe; 1% risk of failure)
Confirm with . or Enter, or press ? or * to list all spells.
Aiming: Fireball (dangerous; 7% risk of failure)
Press: ? - help, Shift-Dir - straight line, p - gnoll shaman
Okay, then.
As you read the scroll labelled NYOQIV DUNI, it crumbles to dust.
You feel strangely unstable.
It was a scroll of teleportation.
The wight is no longer more vulnerable to fire.
The gnoll shaman closely misses you. The wight hits you with a +2 falchion.
* * * LOW HITPOINT WARNING * * *
The gnoll hits you with a +0 club!
You die...

Skill      XL: |  1  2  3  4  5  6  7  8  9 10 |
---------------+-------------------------------+-----
Fire Magic     | 4 5 6 7 9 10 | 10.0
Conjurations   | 5 10 | 10.0
Fighting       | 1 3 |  3.3
Spellcasting   | 3 |  3.7
Dodging        | |  2.0
Stealth        | |  2.6

Action                   |  1- 3 |  4- 6 |  7- 9 | 10-12 || total
-------------------------+-------+-------+-------+-------++-------
Melee: Great sword       |     9 |       |       |       ||     9
       Constrict         |     6 |     7 |       |       ||    13
       Dagger            |    12 |    22 |       |       ||    34
       Tentacles         |     2 |     5 |       |       ||     7
       Falchion          |       |     1 |       |       ||     1
       Punch             |       |     1 |       |       ||     1
       Unarmed           |       |       |    11 |       ||    11
 Fire: Hunting sling     |       |    29 |   144 |    17 ||   190
 Cast: Foxfire           |    11 |       |       |       ||    11
       Scorch            |    21 |    50 |    17 |     3 ||    91
       Conjure Flame     |       |       |    11 |     1 ||    12
       Fireball          |       |       |       |     8 ||     8
Evoke: Wand              |       |       |     1 |     5 ||     6
  Use: Scroll            |       |       |     6 |     1 ||     7
 Stab: Sleeping          |     3 |     1 |       |       ||     4
Armor: Skin              |     4 |     8 |    19 |       ||    31
Dodge: Dodged            |    33 |    25 |    27 |    37 ||   122

Levels and vault maps discovered:
D:1:      minmay_arrival_three_doors, layout_loops_corners
D:2:      cheibrodos_helix_gallery, layout_basic,
          nicolae_ecumenical_lake_church, kennysheep_nub
D:3:      layout_loops_corners, grunt_ministairs_9, minmay_misc_feat_rows,
          kennysheep_generic_room_9
D:4:      layout_cave_pools, serial_shops, shop_statue, uniq_duvessa
D:5:      layout_gridville, okawaru_trees_2, guppyfry_shop_venom
D:6:      layout_rooms, mainiacjoe_overflow_cross_hatched,
          mainiacjoe_overflow_brackets, minmay_temple_entry_junction_2
D:7:      layout_loops_ring
D:8:      layout_cave_pools, dpeg_oklobed_lair, serial_column_ruins,
          column_ruins_square_large, column_ruins_circle_medium,
          column_ruins_open_tiny, column_ruins_corridor_straight,
          column_ruins_columns_dead_end, column_ruins_open_tiny,
          column_ruins_open_small, column_ruins_open_tiny,
          column_ruins_corridor_water, centaur_isle, uniq_pikel
Temple:   minmay_temple_bridge_abc

Notes
Turn   | Place    | Note
-------+----------+-------------------------------------------
     0 | D:1      | zeratav the Octopode Fire Elementalist began the quest for
                  | the Orb.
     0 | D:1      | Reached XP level 1. HP: 11/11 MP: 3/3
     0 | D:1      | magus.rc [v1.9.6]
   242 | D:1      | Reached XP level 2. HP: 17/17 MP: 0/5
   245 | D:1      | Learned a level 2 spell: Scorch
   566 | D:1      | You pick up a book of Fire and begin reading...
   566 | D:1      | You add the spells Fireball, Starburst and Ignition to your
                  | library.
   952 | D:1      | Reached skill level 4 in Fire Magic
  1048 | D:1      | Reached XP level 3. HP: 14/21 MP: 1/6
  1323 | D:1      | You pick up a book of Weapons and begin reading...
  1323 | D:1      | You add the spells Portal Projectile, Excruciating Wounds
                  | and Blade Hands to your library.
  1642 | D:2      | Reached XP level 4. HP: 14/27 MP: 2/7
  1981 | D:2      | Reached skill level 5 in Fire Magic
  2057 | D:2      | Found a faded altar of an unknown god.
  2264 | D:2      | HP: 6/27 [adder (3)]
  2267 | D:2      | HP: 2/27 [poisoned by an adder]
  2268 | D:2      | Reached XP level 5. HP: 3/31 MP: 1/8
  3050 | D:3      | You pick up a book of the Senses and begin reading...
  3050 | D:3      | You add the spells Dazzling Flash, Agony and Silence to
                  | your library.
  3301 | D:3      | Reached skill level 6 in Fire Magic
  3840 | D:3      | Reached XP level 6. HP: 36/36 MP: 6/9
  4234 | D:4      | You add the spells Summon Small Mammal, Corpse Rot,
                  | Poisonous Vapours, Swiftness and Chain Lightning to your
                  | library.
  4234 | D:4      | Got the Guide on the Floating Entourage
  4311 | D:4      | Identified the +10 hunting sling of Nunluomy {venom, *Slow
                  | rPois rC+++ Int-5}
  4497 | D:4      | Reached skill level 7 in Fire Magic
  4526 | D:4      | Noticed Dowan
  5045 | D:4      | Noticed Duvessa
  5052 | D:4      | Killed Duvessa
  5054 | D:4      | Reached XP level 7. HP: 41/41 MP: 10/10
  5062 | D:4      | Killed Dowan
  5100 | D:4      | Reached skill level 8 in Fire Magic
  5202 | D:4      | Found Ricliss's General Store.
  5751 | D:5      | Entered Level 5 of the Dungeon
  5760 | D:5      | Reached skill level 9 in Fire Magic
  5778 | D:5      | Reached XP level 8. HP: 37/46 MP: 11/11
  5845 | D:5      | Learned a level 3 spell: Conjure Flame
  5851 | D:5      | Learned a level 5 spell: Fireball
  5951 | D:5      | Found an iron altar of Okawaru.
  6135 | D:5      | Reached skill level 10 in Fire Magic
  6202 | D:5      | Reached skill level 2 in Conjurations
  6438 | D:5      | Found Hiasemann's Serpentskin Sales.
  6674 | D:6      | Reached skill level 3 in Conjurations
  6781 | D:6      | Found a staircase to the Ecumenical Temple.
  6792 | Temple   | Entered the Ecumenical Temple
  6943 | Temple   | Became a worshipper of Vehumet
  7186 | D:6      | Reached skill level 4 in Conjurations
  7188 | D:6      | Found a burning altar of Makhleb.
  7219 | D:6      | Found a glowing silver altar of Zin.
  7240 | D:6      | Reached skill level 5 in Conjurations
  7275 | D:6      | You pick up a book of Pain and begin reading...
  7465 | D:7      | HP: 6/46 [orc warrior/+0 long sword (20)]
  7467 | D:7      | Reached XP level 9. HP: 7/51 MP: 6/12
  7470 | D:7      | Reached skill level 6 in Conjurations
  8318 | D:7      | Reached skill level 7 in Conjurations
  8916 | D:7      | Identified the +2 chain mail of Watchfulness {Rampage}
  9095 | D:8      | Reached skill level 8 in Conjurations
  9309 | D:8      | Noticed a two-headed ogre
  9332 | D:7      | Killed a two-headed ogre
  9333 | D:7      | Reached skill level 9 in Conjurations
  9453 | D:8      | Noticed Pikel
  9470 | D:8      | Killed Pikel
  9471 | D:8      | Reached skill level 10 in Conjurations
  9471 | D:8      | Reached skill level 1 in Fighting
  9471 | D:8      | Reached XP level 10. HP: 59/59 MP: 13/13
  9538 | D:8      | Reached * piety under Vehumet
  9538 | D:8      | Offered knowledge of Shock by Vehumet.
  9661 | D:8      | Reached skill level 2 in Fighting
  9807 | D:8      | Reached skill level 3 in Spellcasting
 10398 | D:8      | Reached skill level 3 in Fighting
 10841 | D:7      | HP: 8/63 [gnoll/+0 flail (10)]
 11142 | D:8      | HP: 14/63 [wight/+2 falchion (7)]
 11146 | D:7      | Slain by a gnoll

Vanquished Creatures
  A two-headed ogre (D:7)
  Pikel (D:8)
  A steam dragon (D:6)
  Duvessa (D:4)
  An ice beast (D:5)
  A sky beast (D:6)
  2 black bears
  An orc warrior (D:7)
  An ogre (D:4)
  9 centaurs
  A phantom (D:5)
  2 lemures
  3 bullfrogs (D:7)
  5 wights
  Dowan (D:4)
  2 jellies
  A howler monkey (D:7)
  5 hounds
  5 orc priests
  A gnoll shaman (D:7)
  3 orc wizards
  3 iguanas
  18 adders
  8 gnolls
  A shadow imp (D:6)
  2 white imps
  3 ufetubi
  2 worms
  2 dart slugs
  19 orcs
  9 bats
  7 endoplasms
  5 giant cockroaches
  3 goblins
  4 hobgoblins
  8 jackals
  A quokka (D:5)
  10 ball pythons
  5 frilled lizards
  10 kobolds
  3 rats
171 creatures vanquished.

Vanquished Creatures (collateral kills)
  A gnoll (D:7)
1 creature vanquished.

Vanquished Creatures (others)
  21 foxfires
21 creatures vanquished.

Grand Total: 193 creatures vanquished

Table legend:
 A = Non-vault XP
 B = Vault XP
 C = Vault XP percentage of total XP
 D = Non-vault monster count
 E = Vault monster count
 F = Vault count percentage of total count
                 A         B        C        D         E       F
            +---------+---------+-------+---------+---------+-------
      Total |    4278 |    1546 |  26.5 |     155 |      15 |   8.8
            +---------+---------+-------+---------+---------+-------
        D:1 |      41 |       0 |   0.0 |      23 |       0 |   0.0
        D:2 |     112 |      15 |  11.8 |      26 |       2 |   7.1
        D:3 |     185 |       3 |   1.6 |      29 |       2 |   6.5
        D:4 |     474 |     216 |  31.3 |      21 |       2 |   8.7
        D:5 |     570 |      14 |   2.4 |      14 |       2 |  12.5
        D:6 |     531 |       0 |   0.0 |       9 |       0 |   0.0
        D:7 |    1844 |       0 |   0.0 |      23 |       0 |   0.0
        D:8 |     521 |    1298 |  71.4 |      10 |       7 |  41.2
            +---------+---------+-------+---------+---------+-------

Illustrated notes

Table legend:
 A = Kills in this place as a percentage of kills in entire the game.
 B = Kills by you in this place as a percentage of kills by you in the entire game.
 C = Kills by friends in this place as a percentage of kills by friends in the entire game.
 D = Other kills in this place as a percentage of other kills in the entire game.
 E = Experience gained in this place as a percentage of experience gained in the entire game.
 F = Experience gained in this place divided by the number of levels of this place that you have seen.
                   A       B       C       D       E      F
               +-------+-------+-------+-------+-------+----------------------
         Total | 100.0 | 100.0 | 100.0 |   N/A | 100.0 | 647.1
       Dungeon | 100.0 | 100.0 | 100.0 |   N/A | 100.0 | 728.0
               +-------+-------+-------+-------+-------+----------------------

Table legend: (Time is in decaauts)
 A = Elapsed time spent in this place.
 B = Non-inter-level travel time spent in this place.
 C = Inter-level travel time spent in this place.
 D = Time resting spent in this place.
 E = Time spent auto-exploring this place.
 F = Levels seen in this place.
 G = Mean time per level.
                   A        B        C        D        E       F      G
               +--------+--------+--------+--------+--------+-----+--------+
         Total |  11259 |  11026 |    233 |   4399 |   4756 |   9 | 1251.0 |
       Dungeon |  11087 |  10879 |    208 |   4399 |   4620 |   8 | 1385.9 |
        Temple |    171 |    146 |     25 |      0 |    136 |   1 |  171.0 |
               +--------+--------+--------+--------+--------+-----+--------+

Top non-repeatable levels by time:
     D:7: 2614 daAuts
     D:3: 2066 daAuts
     D:1: 1402 daAuts
     D:2: 1326 daAuts
     D:4: 987 daAuts
     D:6: 946 daAuts
     D:5: 920 daAuts
     D:8: 824 daAuts
  Temple: 171 daAuts
